 Dungeon Crawl Stone Soup version 0.21.0-3-g78d12a8 (console) character file.

344 Rjs the Sneak (level 6, 0/44 HPs)
             Began as a Gnoll Enchanter on Jan 8, 2018.
             Slain by an orc priest
             ... wielding a +0 whip
              (2 damage)
             ... on level 4 of the Dungeon.
             The game lasted 00:29:12 (3852 turns).

Rjs the Sneak (Gnoll Enchanter)                     Turns: 3852, Time: 00:29:12

Health: 0/44       AC:  5    Str: 10    XL:     6   Next: 58%
Magic:  1/14       EV: 15    Int: 18    God:
Gold:   180        SH:  0    Dex: 17    Spells: 3/15 levels left

rFire    . . .     SeeInvis .   a - +1 dagger
rCold    . . .     Gourm    .   (no shield)
rNeg     . . .     Faith    .   n - +0 robe
rPois    +         Spirit   .   (no helmet)
rElec    .         Reflect  .   q - +2 cloak {rPois}
rCorr    .         Harm     .   (no gloves)
MR       .....                  (no boots)
Stlth    +++.......             (no amulet)
HPRegen  0.14/turn              y - ring of wizardry
MPRegen  0.14/turn              (no ring)

@: no status effects
A: distributed training, fangs 1, strong nose
a: no special abilities


You were on level 4 of the Dungeon.
You were not hungry.

You visited 1 branch of the dungeon, and saw 4 of its levels.
You also visited: Sewer.

You collected 180 gold pieces.

Inventory:

Hand Weapons
 a - a +1 dagger (weapon)
 b - a +0 hunting sling
 e - a +0 trident
 g - a +0 hand axe of distortion
 t - a +4 quarterstaff of chaos
 u - a +0 short sword
Missiles
 f - 13 sling bullets
 i - 89 stones (quivered)
Armour
 n - a +0 robe (worn)
 q - a +2 cloak of poison resistance (worn)
Jewellery
 y - a ring of wizardry (left hand)
Wands
 B - a wand of polymorph (17)
Scrolls
 h - 2 scrolls of remove curse
 l - 2 scrolls of teleportation {unknown}
 m - 2 scrolls of amnesia {unknown}
 s - a scroll of immolation {unknown}
 w - a scroll of random uselessness {unknown}
 z - a scroll of identify {unknown}
Potions
 k - a potion of ambrosia {unknown}
 o - a potion of haste {unknown}
 p - a potion of magic {unknown}
 r - 2 potions of degeneration {unknown}
 v - 2 potions of flight {unknown}
 x - a potion of experience {unknown}
 C - a potion of lignification {unknown}
 D - a potion of might {unknown}
Books
 c - a book of Maledictions

   Spells                             Type                      Level
   a - Corona                         Hexes                        1
   b - Ensorcelled Hibernation        Hexes/Ice                    2
   c - Confuse                        Hexes                        3
   d - Tukima's Dance                 Hexes                        3
   e - Dazzling Spray                 Conjuration/Hexes            3
Comestibles
 d - 3 rations
 A - 6 chunks of flesh


   Skills:
 + Level 2.0 Fighting
 + Level 3.2 Short Blades
 + Level 2.0 Long Blades
 + Level 2.0 Axes
 + Level 2.0 Maces & Flails
 + Level 2.0 Polearms
 + Level 2.0 Staves
 + Level 2.0 Slings
 + Level 2.0 Bows
 + Level 2.0 Crossbows
 + Level 2.0 Throwing
 + Level 2.0 Armour
 + Level 5.0 Dodging
 + Level 6.3 Stealth
 + Level 2.0 Shields
 + Level 2.0 Unarmed Combat
 + Level 5.4 Spellcasting
 + Level 1.5 Conjurations
 + Level 5.6 Hexes
 + Level 1.5 Charms
 + Level 1.5 Summonings
 + Level 1.5 Necromancy
 + Level 1.5 Translocations
 + Level 1.5 Transmutations
 + Level 1.5 Fire Magic
 + Level 1.5 Ice Magic
 + Level 1.5 Air Magic
 + Level 1.5 Earth Magic
 + Level 1.5 Poison Magic
 + Level 2.2 Invocations
 + Level 2.0 Evocations


You had 3 spell levels left.
You knew the following spells:

 Your Spells              Type           Power        Failure   Level  Hunger
a - Corona                Hex            ####...      1%          1    None
b - Confuse               Hex            ####....     1%          3    ##.....
c - Ensorcelled Hibernat  Hex/Ice        ###...       1%          2    #......
d - Tukima's Dance        Hex            ####....     1%          3    ##.....
e - Dazzling Spray        Conj/Hex       ###...       3%          3    ##.....


Dungeon Overview and Level Annotations

Branches:
Dungeon (4/15)             Temple (0/1) D:4

Altars:


Innate Abilities, Weirdness & Mutations

Your experience applies equally to all skills.
You have very sharp teeth.
Your uncanny sense of smell can sniff out nearby items.


Message History

The orc priest is almost dead.
The orc priest invokes the aid of Beogh against you.
Pain shoots through your body!
* * * LOW HITPOINT WARNING * * *
You hit the orc priest but do no damage.
The orc priest is almost dead.
You barely miss the orc priest.
The orc priest is almost dead.
The orc priest misses you.
You barely miss the orc priest.
The orc priest is almost dead.
The orc priest barely misses you.
You hit the orc priest but do no damage.
You bite the orc priest, but do no damage.
The orc priest is almost dead.
The orc priest misses you.
You barely miss the orc priest.
The orc priest is almost dead.
The orc priest stops glowing.
The orc priest hits you with a whip.
You die...

...# #.........# ..
#÷.### #..######.# .###
#....# ##..######.#
..... #..#.#
#.......##.###..# ...#.#
#...............#
#..#.###..####..#.#.#.##
#............)..###...#
##.#####..##.#(o###.###
#.# #..##.#.#@..## #.#
#......o##.##
##.........# ∆
####o###### #(# #.# #o#
#.### #...#


You could see an orc priest.

Vanquished Creatures
  A crocodile (Sewer)
  A howler monkey (D:4)
  An orc wizard (D:4)
  An orc priest (D:3)
  Terence (D:2)
  4 adders (D:3)
  An ooze (D:1)
  2 worms (D:2)
  2 dart slugs (D:1)
  A leopard gecko (D:1)
  3 orcs
  3 giant cockroaches
  5 goblins
  4 hobgoblins
  4 jackals
  A quokka (D:3)
  2 ball pythons
  6 bats
  A frilled lizard (D:3)
  A jackal skeleton (D:4)
  10 kobolds
  5 rats
60 creatures vanquished.

Vanquished Creatures (collateral kills)
  An orc wizard (D:3)
  Crazy Yiuf (D:2)
  2 orcs
  A hobgoblin (D:2)
5 creatures vanquished.

Grand Total: 65 creatures vanquished

Notes
Turn   | Place    | Note
-------+----------+-------------------------------------------
     0 | D:1      | Rjs the Gnoll Enchanter began the quest for the Orb.
     0 | D:1      | Reached XP level 1. HP: 13/13 MP: 6/6
     2 | D:1      | Noticed a vine stalker
     2 | D:1      | Noticed a demonspawn
     4 | D:1      | Noticed an ogre
     4 | D:1      | Noticed a merfolk
     6 | D:1      | Noticed a demigod
     6 | D:1      | Noticed a troll
     8 | D:1      | Noticed a formicid
    10 | D:1      | Noticed a ghoul
    12 | D:1      | Noticed an elf
    12 | D:1      | Noticed a dwarf
    14 | D:1      | Noticed a draconian
    14 | D:1      | Noticed a tengu
    16 | D:1      | Noticed a felid
    18 | D:1      | Noticed a human
    18 | D:1      | Noticed a centaur
    20 | D:1      | Noticed a vampire
    20 | D:1      | Noticed a minotaur
    22 | D:1      | Noticed a halfling
    22 | D:1      | Noticed a spriggan
    24 | D:1      | Noticed an octopode
    24 | D:1      | Noticed a naga
    26 | D:1      | Noticed a gargoyle
   145 | D:1      | Reached XP level 2. HP: 18/19 MP: 4/7
   462 | D:1      | Reached XP level 3. HP: 23/25 MP: 7/9
   470 | D:1      | Learned a level 3 spell: Confuse
   474 | D:1      | Learned a level 3 spell: Tukima's Dance
   528 | D:1      | Reached skill level 5 in Spellcasting
   901 | D:2      | Noticed Terence
   914 | D:2      | Killed Terence
   914 | D:2      | Reached skill level 1 in Fighting
   914 | D:2      | Reached skill level 1 in Long Blades
   914 | D:2      | Reached skill level 1 in Axes
   914 | D:2      | Reached skill level 1 in Maces & Flails
   914 | D:2      | Reached skill level 1 in Polearms
   914 | D:2      | Reached skill level 1 in Staves
   914 | D:2      | Reached skill level 1 in Slings
   914 | D:2      | Reached skill level 1 in Bows
   914 | D:2      | Reached skill level 1 in Crossbows
   914 | D:2      | Reached skill level 1 in Throwing
   914 | D:2      | Reached skill level 1 in Armour
   914 | D:2      | Reached skill level 6 in Stealth
   914 | D:2      | Reached skill level 1 in Shields
   914 | D:2      | Reached skill level 1 in Unarmed Combat
   914 | D:2      | Reached skill level 1 in Invocations
   914 | D:2      | Reached skill level 1 in Evocations
  1390 | D:2      | Reached XP level 4. HP: 31/32 MP: 9/11
  1600 | D:2      | Found a runed door.
  1604 | D:2      | Noticed Crazy Yiuf
  1615 | D:2      | Killed Crazy Yiuf
  1642 | D:2      | Learned a level 2 spell: Ensorcelled Hibernation
  1646 | D:2      | Learned a level 3 spell: Dazzling Spray
  2297 | D:3      | Reached skill level 1 in Conjurations
  2297 | D:3      | Reached skill level 1 in Charms
  2297 | D:3      | Reached skill level 1 in Summonings
  2297 | D:3      | Reached skill level 1 in Necromancy
  2297 | D:3      | Reached skill level 1 in Translocations
  2297 | D:3      | Reached skill level 1 in Transmutations
  2297 | D:3      | Reached skill level 1 in Fire Magic
  2297 | D:3      | Reached skill level 1 in Ice Magic
  2297 | D:3      | Reached skill level 1 in Air Magic
  2297 | D:3      | Reached skill level 1 in Earth Magic
  2297 | D:3      | Reached skill level 1 in Poison Magic
  2513 | D:3      | Reached XP level 5. HP: 14/37 MP: 1/12
  2722 | D:3      | Found a glowing drain.
  2734 | Sewer    | Entered a sewer
  3049 | Sewer    | Noticed a crocodile
  3122 | Sewer    | Killed a crocodile
  3122 | Sewer    | Reached XP level 6. HP: 23/44 MP: 1/13
  3675 | D:4      | Reached skill level 5 in Dodging
  3785 | D:4      | Found a staircase to the Ecumenical Temple.
  3847 | D:4      | HP: 2/44 [orc priest/nerve-wracking pain (6)]
  3852 | D:4      | Slain by an orc priest

Skill      XL: |  1  2  3  4  5  6 |
---------------+-------------------+-----
Spellcasting   | 5 |  5.4
Fighting       | 1 2 |  2.0
Long Blades    | 1 2 |  2.0
Axes           | 1 2 |  2.0
Maces & Flails | 1 2 |  2.0
Polearms       | 1 2 |  2.0
Staves         | 1 2 |  2.0
Slings         | 1 2 |  2.0
Bows           | 1 2 |  2.0
Crossbows      | 1 2 |  2.0
Throwing       | 1 2 |  2.0
Armour         | 1 2 |  2.0
Stealth        | 6 |  6.3
Shields        | 1 2 |  2.0
Unarmed Combat | 1 2 |  2.0
Invocations    | 1 2 |  2.2
Evocations     | 1 2 |  2.0
Conjurations   | 1 |  1.5
Charms         | 1 |  1.5
Summonings     | 1 |  1.5
Necromancy     | 1 |  1.5
Translocations | 1 |  1.5
Transmutations | 1 |  1.5
Fire Magic     | 1 |  1.5
Ice Magic      | 1 |  1.5
Air Magic      | 1 |  1.5
Earth Magic    | 1 |  1.5
Poison Magic   | 1 |  1.5
Short Blades   | 3 |  3.2
Dodging        | 5 |  5.0
Hexes          | |  5.6

Action                   |  1- 3 |  4- 6 || total
-------------------------+-------+-------++-------
Melee: Dagger            |    90 |   155 ||   245
       Bite              |     9 |    18 ||    27
       Punch             |       |     2 ||     2
 Fire: Hunting sling     |       |    39 ||    39
Throw: Stone             |    19 |    27 ||    46
 Cast: Corona            |    32 |    46 ||    78
       Tukima's Dance    |     3 |    10 ||    13
       Confuse           |       |     9 ||     9
       Ensorcelled Hiber |       |     6 ||     6
       Dazzling Spray    |       |     2 ||     2
  Use: Potion            |     2 |     4 ||     6
       Scroll            |       |     2 ||     2
 Stab: Sleeping          |       |     5 ||     5
       Distracted        |       |     1 ||     1
       Invisible         |       |     1 ||     1
  Eat: Chunk             |     1 |     3 ||     4
       Ration            |       |     2 ||     2
Armor: Robe              |    20 |    39 ||    59
Dodge: Dodged            |    54 |   171 ||   225
